AoeStats
← zonk the cake

Black Forest

507658037Analyzed
4v4 RM · 14d ago on Sep 19, 2026· 43m 40s· 8 players
Game mode
Random Map
Map size
Large (8 player)
Population
200
Speed
Normal
Resources
Standard
Victory
Conquest
Starting age
Dark Age
Ending age
Imperial Age
RankedLock teamsTeams togetherTeam positionsShared explorationLock speedFull tech treeHidden civsTurbo modeCheats
Victory
Defeat
🇲🇽 Teutons · Mexico
1054
+17
🇹🇼 Britons · Taiwan
1016
+18
🇲🇽 Malay · Mexico
1001
+19
🇲🇽 Teutons · Mexico
977
+20
🇨🇱 Wei · Chile
1103
-20
🇦🇺 Magyars · Australia
1079
-19
🇦🇺 Shu · Australia
1079
-19
🇨🇳 Byzantines · China
1012
-16
III HAKU II
0:35 Loom
12:36 Feudal Age
13:31 Double-Bit Axe
16:47 Castle Age
16:19 Wheelbarrow
23:16 Gold Mining
26:50 Forging
30:37 Iron Casting
30:08 Scale Barding Armor
30:05 Scale Mail Armor
29:49 Horse Collar
30:23 Bloodlines
30:07 Stone Mining
30:38 Hand Cart
31:09 Bow Saw
31:03 Heavy Plow
34:27 Imperial Age
32:45 Chain Barding Armor
34:25 Ironclad
33:56 Town Watch
34:33 Chain Mail Armor
34:39 Cavalier
35:06 Onager
35:53 Heavy Scorpion
39:26 Two-Man Saw
39:41 Siege Engineers
40:37 Chemistry
39:06 Onager
40:22 Town Patrol
40:52 Ballistics
40:44 Masonry
41:38 Siege Onager
ElMelvin49
0:58 Loom
15:00 Feudal Age
15:58 Horse Collar
20:32 Castle Age
18:35 Gold Mining
18:47 Fishing Lines
18:59 Double-Bit Axe
19:58 Fletching
20:09 Padded Archer Armor
19:47 Crossbowman
21:54 Bow Saw
22:30 Bodkin Arrow
24:01 Heavy Plow
24:21 Stone Mining
24:36 Gillnets
25:59 Leather Archer Armor
28:41 Wheelbarrow
34:44 Imperial Age
34:06 Forging
33:27 Pikeman
34:09 Squires
34:35 Hand Cart
34:06 Halberdier
35:29 Iron Casting
35:31 Conscription
40:32 Blast Furnace
39:34 Bracer
41:09 Chemistry
40:31 Ballistics
40:59 Ring Archer Armor
39:55 Arbalester
alancazu
0:27 Loom
10:29 Feudal Age
11:18 Double-Bit Axe
13:43 Horse Collar
16:48 Fishing Lines
21:21 Castle Age
19:47 Stone Mining
21:27 Gold Mining
22:34 Gillnets
24:25 Wheelbarrow
24:42 Bow Saw
32:09 Imperial Age
30:06 Forging
29:56 Scale Mail Armor
30:43 Ballistics
30:48 Hand Cart
32:08 Iron Casting
31:48 Chain Mail Armor
31:51 Heavy Plow
31:16 Man-at-Arms
31:56 Squires
31:42 Gambesons
31:42 Arson
31:18 Pikeman
32:05 Long Swordsman
33:57 Chemistry
34:23 Blast Furnace
33:25 Padded Archer Armor
33:15 Fletching
34:32 Two-Man Saw
34:42 Conscription
34:33 Siege Engineers
34:24 Two-Handed Swordsman
34:35 Capped Ram
36:32 Plate Mail Armor
35:41 Champion
36:41 Bodkin Arrow
39:19 Halberdier
41:28 Leather Archer Armor
bbu913
0:57 Loom
11:43 Feudal Age
12:54 Fishing Lines
14:05 Town Watch
14:15 Double-Bit Axe
16:57 Castle Age
15:37 Horse Collar
16:27 Fletching
17:27 Crossbowman
22:02 Bow Saw
26:20 Wheelbarrow
26:05 Fervor
27:36 Padded Archer Armor
27:53 Pikeman
30:49 Hand Cart
30:54 Gold Mining
30:56 Stone Mining
32:16 Leather Archer Armor
32:12 Heavy Plow
35:29 Imperial Age
33:08 Gillnets
33:45 Ballistics
34:24 Gold Shaft Mining
34:01 Squires
33:46 Gambesons
34:30 Bodkin Arrow
34:36 Scale Mail Armor
35:17 Forging
35:32 Yeomen
35:17 Arson
34:53 Man-at-Arms
37:03 Conscription
36:15 Halberdier
37:42 Ring Archer Armor
37:13 Bracer
37:30 Chain Mail Armor
37:50 Iron Casting
38:20 Two-Man Saw
37:01 Long Swordsman
37:05 Elite Longbowman
37:58 Two-Handed Swordsman
38:46 Champion
40:02 Warwolf
41:23 Blast Furnace
40:53 Plate Mail Armor
41:42 Chemistry
40:23 Treadmill Crane
40:54 Masonry
42:55 Scale Barding Armor
42:53 Cavalier
43:34 Husbandry
44:12 Architecture
CORP_JuanLan
9:52 Loom
12:53 Feudal Age
16:53 Castle Age
14:56 Fishing Lines
15:02 Double-Bit Axe
15:28 Horse Collar
17:50 Bow Saw
17:33 Gillnets
19:21 Wheelbarrow
18:31 Town Watch
23:05 Gold Mining
23:18 Heavy Plow
24:19 Stone Mining
25:17 Hand Cart
28:00 Scale Barding Armor
28:06 Forging
28:21 Fletching
29:25 Gold Shaft Mining
29:35 Chain Barding Armor
30:40 Iron Casting
30:01 Bodkin Arrow
32:59 Imperial Age
31:00 Tuntian
32:23 Husbandry
32:33 Bloodlines
33:17 Coinage
32:48 Caravan
33:27 Stone Shaft Mining
33:05 Capped Ram
33:16 Capped Ram
33:38 Elite Tiger Cavalry
34:54 Hoardings
34:40 Conscription
35:23 Blast Furnace
35:19 Ming Guang Armor
38:23 Siege Ram
41:32 Banking
43:32 Padded Archer Armor
43:33 Bracer
TaiwanIsChina's
0:33 Loom
12:00 Feudal Age
12:48 Feudal Age
13:23 Double-Bit Axe
19:11 Castle Age
19:21 Horse Collar
20:15 Bow Saw
28:32 Wheelbarrow
29:15 Heavy Plow
29:25 Gold Mining
30:16 Hand Cart
30:45 Fortified Wall
31:16 Gold Shaft Mining
34:24 Imperial Age
32:19 Stone Mining
33:28 Caravan
33:58 Scale Barding Armor
34:04 Forging
36:11 Two-Man Saw
35:40 Chain Barding Armor
35:46 Conscription
36:46 Chemistry
35:28 Treadmill Crane
37:20 Stone Shaft Mining
37:48 Crop Rotation
37:56 Plate Barding Armor
38:17 Iron Casting
38:06 Pikeman
38:47 Squires
38:52 Elite Cataphract
40:14 Scale Mail Armor
39:37 Halberdier
42:53 Logistica
43:13 Chain Mail Armor
42:47 Arson
Themot
0:37 Loom
16:04 Feudal Age
19:57 Castle Age
19:40 Horse Collar
20:37 Heavy Plow
30:34 Scale Barding Armor
30:37 Double-Bit Axe
31:07 Stone Mining
31:21 Corvinian Army
33:02 Bloodlines
32:53 Husbandry
33:42 Wheelbarrow
34:44 Bow Saw
34:58 Chain Barding Armor
38:24 Imperial Age
39:42 Plate Barding Armor
39:37 Conscription
38:37 Elite Magyar Huszar
38:49 Elite Magyar Huszar
41:46 Hand Cart
zonk the cake
0:27 Loom
11:40 Feudal Age
15:31 Wheelbarrow
19:23 Castle Age
18:18 Double-Bit Axe
25:50 Fletching
26:02 Padded Archer Armor
29:57 Leather Archer Armor
29:41 Crossbowman
30:28 Bodkin Arrow
31:27 Bow Saw
32:41 Thumb Ring
37:17 Imperial Age
35:04 Hand Cart
35:25 Ballistics
39:09 Chemistry
39:14 Bolt Magazine
39:35 Conscription
Connection lost

Rejoining the realm…

Still unreachable

The connection could not be restored.

Session expired

The server has moved on; the page needs a fresh start.